 Dungeon Crawl Stone Soup version 0.31-a0-925-g0a390f2509 (webtiles) character file.

Game seed: 8763515406510876838

49 lunkers the Insei (level 4, -2/35 HPs)
             Began as a Meteoran Shapeshifter on Oct 18, 2023.
             Slain by an iguana (9 damage)
             ... on level 4 of the Dungeon.
             The game lasted 00:01:18 (533 turns).

lunkers the Insei (Meteoran Shapeshifter)            Turns: 533, Time: 00:01:18

Health: -2/35      AC:  2    Str: 15    XL:     4   Next: 22%
Magic:  5/5        EV: 12    Int: 11    God:
Gold:   80         SH:  0    Dex: 16    Spells: 3/3 levels left

rFire   . .          .
                       - Unarmed
rCold   . . .        (no shield)
rNeg    . . .        a - +0 animal skin
rPois   .            (helmet currently unavailable)
rElec   .            (cloak currently unavailable)
rCorr   .            (gloves currently unavailable)
SInv    .            (boots currently unavailable)
Will    .....        (no amulet)
Stlth   +            (no ring)
HPRegen 0.25/turn    (no ring)
MPRegen 0.09/turn

%: no passive effects
@: beast-form, glowing
A: beast (slay +2), sense surroundings 1, otherworldly, glowing, explore regen
a: Begin Untransformation


You were on level 4 of the Dungeon.
You were a hulking beast.
You visited 1 branch of the dungeon, and saw 3 of its levels.

You collected 80 gold pieces.

Inventory:

Armour
 a - a +0 animal skin (worn)
 i - a +0 helmet
Talismans
 c - a beast talisman (active)
 d - a flux talisman
Scrolls
 e - a scroll of identify {unknown}
 g - a scroll of enchant armour {unknown}
 h - a scroll of revelation {unknown}
 l - a scroll of teleportation {unknown}
Potions
 b - a potion of lignification
 f - 2 potions of invisibility {unknown}
 j - a potion of attraction {unknown}
 k - a potion of heal wounds {unknown}
 m - a potion of curing {unknown}


   Skills:
 - Level 1.1 Fighting
 - Level 2.1 Dodging
 * Level 5.0 Unarmed Combat
 + Level 4.2 Shapeshifting


You had 3 spell levels left.
You didn't know any spells.
Your spell library was empty.

Dungeon Overview and Level Annotations

Branches:
Dungeon (2/15) Zot: 1270

Altars:

Shops:
D:2 [


Innate Abilities, Weirdness & Mutations

You are a hulking beast.
Your limbs bulge with bestial killing power. (Slay +2)
You passively map a small area around you.
You are easily found by Zot.
You glow in the dark.
You regain HP and MP as you explore.


Message History

You open the door.
A hobgoblin comes into view.
The hobgoblin shouts!
An iguana comes into view.
There is an open door here.
The iguana hisses angrily.
You hit the iguana.
The iguana is lightly wounded.
The iguana bites you!
* * * LOW HITPOINT WARNING * * *
The iguana attacks as it pursues you! The iguana bites you!
* * * LOW HITPOINT WARNING * * *
The hobgoblin attacks as it pursues you!
The hobgoblin hits you.
* * * LOW HITPOINT WARNING * * *
There is an open door, spattered with blood here.
Unknown command.
The hobgoblin attacks as it pursues you!
The hobgoblin closely misses you.
Unknown command.
Unknown command.
Unknown command.
You closely miss the hobgoblin. The hobgoblin misses you.
Unknown command.
You hit the hobgoblin but do no damage.
The hobgoblin hits you but does no damage.
Unknown command.
You barely miss the hobgoblin. The hobgoblin hits you.
* * * LOW HITPOINT WARNING * * *
Unknown command.
You barely miss the hobgoblin.
The hobgoblin hits you but does no damage.
Unknown command.
You punch the hobgoblin!
You kill the hobgoblin!
Unknown command.
You hit the iguana but do no damage.
The iguana is lightly wounded.
The iguana bites you!
You die...

.......#. * ,
....... , *
.....### ,
......# * * *
#..... , *
,#...#, . * *
,#...# ..# *
##+#l#.#...## *
#..h(.......# ,
#.....##....# ,
*#............ ,
, , #.....#.....#
* +...........# ,
* , *
#.....##....# ,
.#.##............
,
.........####....
, ...#..#...# ..,
,


You could see an iguana.

Vanquished Creatures
  A jelly (D:4)
  A dart slug (D:2)
  An orc (D:2)
  2 endoplasms
  2 giant cockroaches (D:2)
  3 hobgoblins
  A kobold (D:1)
  A quokka (D:1)
  A ball python (D:1)
  2 bats
  A frilled lizard (D:2)
  2 rats (D:2)
18 creatures vanquished.

Notes
Turn   | Place    | Note
-------+----------+-------------------------------------------
     0 | D:1      | lunkers the Meteoran Shapeshifter began the quest for the
                  | Orb.
     0 | D:1      | Reached XP level 1. HP: 16/16 MP: 2/2
   180 | D:1      | Reached XP level 2. HP: 19/23 MP: 3/3
   323 | D:1      | Reached skill level 4 in Unarmed Combat
   442 | D:2      | Reached XP level 3. HP: 28/28 MP: 4/4
   442 | D:2      | Found Feziock's Antique Armour Emporium.
   506 | D:2      | You fall into a shaft and drop 2 floors!
   513 | D:4      | Reached skill level 5 in Unarmed Combat
   513 | D:4      | Reached XP level 4. HP: 23/35 MP: 5/5
   533 | D:4      | Slain by an iguana

Illustrated notes

Levels and vault maps discovered:
D:1:      dpeg_arrival_pits, layout_loops_corners
D:2:      layout_basic, serial_shops, shop, nicolae_shop_getting_attention,
          nicolae_shop_temple_entry_statues_fountains, shop,
          kennysheep_big_empty_room, minmay_quadrilaterals
D:4:      layout_basic, minmay_unequal

Skill      XL: |  1  2  3 |
---------------+----------+-----
Unarmed Combat | 4 5 |  5.0
Shapeshifting  | 4 |  4.2
Fighting       | |  1.1
Dodging        | |  2.1

Action                     |  1- 3 |  4- 6 || total
---------------------------+-------+-------++-------
  Melee: Unarmed           |    45 |     7 ||    52
         Punch             |     1 |       ||     1
 Armour: Animal skin       |    17 |     7 ||    24
  Dodge: Dodged            |    26 |     2 ||    28

Table legend: (Time is in decaauts)
 A = Elapsed time spent in this place.
 B = Non-inter-level travel time spent in this place.
 C = Inter-level travel time spent in this place.
 D = Time resting spent in this place.
 E = Time spent auto-exploring this place.
 F = Levels seen in this place.
 G = Mean time per level.
                   A        B        C        D        E       F      G
               +--------+--------+--------+--------+--------+-----+--------+
         Total |    528 |    502 |     26 |      0 |    355 |   3 |  176.0 |
       Dungeon |    528 |    502 |     26 |      0 |    355 |   3 |  176.0 |
               +--------+--------+--------+--------+--------+-----+--------+

Top non-repeatable levels by time:
     D:1: 364 daAuts
     D:2: 138 daAuts
     D:4: 25 daAuts
